Unix NetHack Version 3.7.0-102 Work-in-progress - last build Apr 6 2024 13:22:21 (d302a6a9ff6341f1a922d8f5af178406b35fdf99,branch:master). Game began 2024-04-20 12:13:18, ended 2024-04-28 12:18:24. DoktorL, neutral male human Healer @ A A @ q A ----- @t @ A..| @ H A ---------..-- --- A A|.....H.|...-- --... D |.......|A@@.---..... H A @@A @ |..@@...-@....*.@.&... @ A A @ A@ @ A@ @|..@....|.@..---....... A A @@ @ @@ @& |.D.....|...-- --...... @A ---------..-- ----D-- @ A H...| --...------- B AA @ ----- A..&A.A..%..| @@ t H A.VA.a......-- A @ t A ............-- @ A a.............- A AAO D@ ........A.... A --- ------- DoktorL the Medicus ossium St:18/05 Dx:17 Co:18 In:13 Wi:15 Ch:14 Neutral S:627507 Astral Plane $:53 HP:233(240) Pw:71(101) AC:-24 Xp:15/195253 T:33622 Blind Latest messages: The blast of frost whizzes by you! The blast of frost hits the priestess of Hermes! The Angel of Poseidon wields a long sword! The priest of Athena wields a mace! The mace welds itself to the priest of Athena's hand! The priest of Athena wields a mace! The high priestess intones: "Pilgrim, you enter a sacred place!" The storm giant turns to flee. You hear a distant zap. The invisible renegade Angel of Hermes swings her long sword. The invisible renegade Angel of Hermes hits! The invisible renegade Angel of Hermes swings her long sword. The invisible renegade Angel of Hermes hits again! The invisible renegade Angel of Hermes hits! The invisible renegade Angel of Hermes casts a spell at you! You are hit by a shower of missiles! The missiles bounce off! The Angel of Poseidon points at you, then curses. The priestess of Hermes casts a spell! The priestess of Hermes looks better. The priest of Athena hurls a potion of paralysis! The carafe crashes on your head and breaks into shards. The potion of paralysis evaporates. You stiffen momentarily. You hear a mumbled curse. The Angel of Poseidon points at you, then curses. "Go play leapfrog with a herd of unicorns!" The silver dragon turns to flee. Pick an object. What do you want to use or apply? [b-gijl-npstvxzACFGK-OQTVXY or ?*] What do you want to put on? [hBPV or ?*] You are now wearing a blindfold named FIRE SLEP COLD. You can't see any more. You hear a chugging sound. Pick an object. Pick an object. # What do you want to sacrifice? [B or ?*] You offer the Amulet of Yendor to Hermes... An invisible choir sings, and you are bathed in radiance... The voice of Hermes thunders: "Mortal, thou hast done well!" "In return for thy service, I grant thee the gift of Immortality!" You ascend to the status of Demigod... Do you want your possessions identified? [ynq] (y) Do you want to see your attributes? [ynq] (y) Do you want an account of creatures vanquished? [ynaq] (y) Do you want a list of species genocided and extinct? [ynaq] (y) Do you want to see your conduct and achievements? [ynq] (y) Do you want to see the dungeon overview? [ynq] (y) Inventory: Coins $ - 53 gold pieces Amulets r - an uncursed amulet of reflection (being worn) Weapons y - 6 +2 daggers a - the blessed +5 Staff of Aesculapius (weapon in hands) Armor E - a blessed +3 helm of caution (being worn) I - a blessed +4 pair of leather gloves (being worn) q - a cursed very burnt +0 pair of speed boots (being worn) H - a blessed fireproof +3 cloak of protection named proof (being worn) w - a blessed +3 Hawaiian shirt with a sea turtle motif (being worn) D - a blessed greased +4 gray dragon scale mail (being worn) Comestibles o - 2 uncursed food rations u - an uncursed lembas wafer Z - a cursed lizard corpse Spellbooks K - the uncursed Book of the Dead Potions R - an uncursed potion of extra healing k - a cursed potion of full healing Rings J - a blessed ring of free action (on right hand) P - an uncursed +2 ring of gain constitution h - an uncursed +3 ring of increase damage U - an uncursed +2 ring of increase damage (on left hand) Wands M - a wand of cancellation (0:5) O - a cursed wand of cancellation (0:3) m - a wand of cold (0:4) f - a wand of death (0:0) b - a wand of digging (0:6) g - a wand of digging (0:6) Y - a wand of digging named 1 (0:6) G - a wand of digging (0:5) p - a cursed wand of digging (0:1) x - a wand of fire (0:6) v - a wand of locking (0:8) n - a wand of locking (0:7) N - a wand of locking (0:6) d - a wand of polymorph (0:2) i - a wand of striking (0:1) C - a wand of teleportation (0:6) X - a wand of teleportation (2:3) T - a wand of teleportation (0:1) Tools t - a blessed bag of holding containing 26 items z - an uncursed bugle F - the Bell of Opening (0:2) V - an uncursed blindfold named FIRE SLEP COLD (being worn) j - the uncursed Candelabrum of Invocation (0 of 7 candles attached) Q - a magic marker (1:18) L - a magic marker (1:5) A - a magic marker (1:2) l - an uncursed oil lamp (lit) s - an uncursed skeleton key c - an uncursed stethoscope e - a blessed +2 unicorn horn Gems/Stones W - a blessed luckstone Contents of the bag of holding: 3439 gold pieces an uncursed amulet of life saving a cursed cheap plastic imitation of the Amulet of Yendor a +0 elven short sword named 0 a +1 silver saber an uncursed +0 shield of reflection 3 blessed scrolls of charging a cursed potion of acid an uncursed potion of extra healing an uncursed diluted potion of extra healing 2 uncursed potions of full healing 4 uncursed diluted potions of full healing 2 uncursed potions of monster detection 3 uncursed potions of paralysis an uncursed potion of restore ability an uncursed potion of speed 5 potions of holy water an uncursed ring of conflict a cursed ring of invisibility an uncursed ring of teleport control an uncursed ring of teleport control a wand of light (0:13) a wand of sleep (0:6) a wand of sleep (0:5) a wand of wishing (1:0) an uncursed tallow candle DoktorL the Healer's attributes: Background: You were a Medicus ossium, a level 15 male human Healer. You were neutral, on a mission for Hermes who was opposed by Athena (lawful) and Poseidon (chaotic). You were left-handed. You were in the endgame, on the Astral Plane. You entered the dungeon 33622 turns ago. You had 195253 experience points, 124747 more were needed to attain level 16. Your score was 627507 before end-of-game adjustments. Basics: You had 233 out of 240 hit points. You had 71 out of 101 energy points (spell power). Your armor class was -24. Your wallet contained 53 zorkmids, and you had 3439 more stashed away in your pack. Autopickup was on for '$"?!/=' plus thrown, with exceptions. Final Characteristics: Your strength was 18/05 (limit:18/100). Your dexterity was 17 (limit:18). Your constitution was 18 (limit:18). Your intelligence was 13 (limit:18). Your wisdom was 15 (limit:18). Your charisma was 14 (limit:18). Final Status: You were deliberately blind. You weren't hungry. You were unencumbered. You were wielding a quarterstaff. You were skilled in quarterstaff and could have enhanced that. Final Attributes: You were piously aligned. You were magic-protected. You were fire resistant. You were cold resistant. You were sleep resistant. You were poison resistant. You were level-drain resistant. You would have seen invisible when not blind. You were telepathic. You were warned. You were invisible to others. You could teleport. You had teleport control. You regenerated. You had a small damage bonus (+2). You had a small defense bonus (+3). You were protected. You were very fast. You had reflection. You had free action. You were extremely lucky. You had extra luck. Good luck did not time out for you. You survived. Miscellaneous: You disabled loading of bones levels. Total elapsed playing time was 5 hours, 50 minutes and 51 seconds. Major events: Turn 1: DoktorL the neutral male human Healer entered the dungeon 1069: entered the Gnomish Mines 2328: found Demonbane in a shop 2328: found Giantslayer in a shop 2429: entered Sokoban 3014: attained the rank of Empiric (level 3) 4474: reached Mine Town 5810: attained the rank of Embalmer (level 6) 11564: completed 2nd Sokoban level 15514: completed 3rd Sokoban level 16164: made his first wish - "holy greased +2 gray dragon scale mail", got "a greased gray dragon scale mail" 16495: attained the rank of Dresser (level 10) 17790: completed 4th Sokoban level 18465: wished for "holy amulet of reflection", got "a hexagonal amulet" 24017: killed Medusa 24509: wished for "marker", got "a magic marker" 24723: wished for "2 cursed genocide", got "2 scrolls labeled HAPAX LEGOMENON" 26409: attained the rank of Medicus ossium (level 14) 27027: the Cyclops has been killed 27057: found the Staff of Aesculapius on the floor 27057: acquired the Bell of Opening 27901: entered Gehennom 27914: performed his first genocide (class L) 28339: wished for "marker", got "a magic marker" 28593: bribed Asmodeus with 140 zorkmids for safe passage 29087: bribed Baalzebub with 106 zorkmids for safe passage 29117: killed Juiblex 29667: destroyed Vlad the Impaler 29668: acquired the Candelabrum of Invocation 29885: wished for "holy free action", got "a brass ring" 29893: killed Orcus 30245: genocided shocking spheres 30890: wished for "marker", got "a magic marker" 31304: killed the Wizard of Yendor 31306: acquired the Book of the Dead 31315: performed the invocation 31632: killed the high priestess of Moloch 31643: acquired The Amulet of Yendor 33334: entered the Elemental Planes 33334: entered Plane of Earth 33334: killed the Wizard of Yendor (2nd time) 33371: entered Plane of Air 33419: entered Plane of Fire 33477: entered Plane of Water 33569: entered the Astral Plane 33601: killed Famine 33622: ascended Vanquished creatures: Orcus Juiblex the Wizard of Yendor (twice) Famine Vlad the Impaler a high cleric Medusa 5 krakens 3 iron golems the Cyclops a master lich 3 erinyes 4 storm giants 3 balrogs 2 purple worms 5 gray dragons a gold dragon 3 silver dragons 4 red dragons 4 white dragons 4 orange dragons 2 black dragons 5 green dragons 4 yellow dragons 13 minotaurs 4 jabberwocks an Angel a master mind flayer 2 Olog-hai 4 Nazgul 3 sandestins a baby red dragon a guardian naga 5 genetic engineers 10 vampire leaders 2 skeletons 12 aligned clerics a captain 6 shades 3 liches a clay golem 3 nurses 3 ice devils 2 nalfeshnees a lurker above an ettin a golden naga 22 vampires 5 lieutenants 29 ghosts a queen bee a winged gargoyle a mind flayer 2 giant mimics 2 long worms 3 zruties 5 fire giants an ice troll a rock troll 2 flesh golems 3 elven monarchs 3 doppelgangers 2 hezrous 4 bone devils 2 large mimics a wumpus 5 fire vortices 4 stalkers 2 air elementals 3 earth elementals 2 water elementals a giant mummy 2 black nagas 7 xorns 16 giant zombies an elf-noble 12 sergeants 2 barbed devils 2 vrocks 10 wargs 3 winter wolves 5 hell hound pups 4 small mimics a glass piercer 2 warhorses 6 steam vortices 5 xans an ettin mummy 4 ogre leaders 4 quantum mechanics 7 trolls 3 wood golems 5 mariliths 5 sharks 2 gelatinous cubes 3 pyrolisks 2 large dogs 7 flaming spheres 5 shocking spheres 3 large cats 2 tigers 2 gargoyles 5 tengu 5 ochre jellies 4 leocrottas an energy vortex 5 stone giants 2 elf mummies 2 human mummies 4 red nagas a python 2 pit vipers 6 cobras 37 wraiths 4 carnivorous apes 14 ettin zombies 2 leather golems 6 Grey-elves 44 soldiers 3 watchmen 2 amorous demons 5 horned devils 2 chameleons 2 crocodiles 12 giant beetles a quivering blob 14 cockatrices 3 wolves 2 lynxes 26 gremlins 3 leprechauns an orc-captain 3 iron piercers a mumak 20 giant spiders 5 scorpions a horse an ice vortex 6 black lights 5 vampire bats a forest centaur a gnome ruler 2 orc mummies 2 dwarf mummies a brown pudding 9 rust monsters 2 owlbears 2 yetis a gold golem 4 werewolves 5 Green-elves a piranha 9 giant eels 11 lizards 3 dingoes 3 jaguars 6 dwarf leaders 3 blue jellies 5 white unicorns 2 black unicorns 4 dust vortices a raven a plains centaur 4 gnome mummies 14 snakes 2 apes 20 human zombies a rope golem 2 Woodland-elves 14 soldier ants 5 fire ants 9 bugbears an imp 8 wood nymphs a water nymph 5 mountain nymphs 3 Mordor orcs 10 Uruk-hai 3 orc shamans 10 rock piercers 7 rock moles 2 ponies a fog cloud 4 yellow lights 5 shriekers 4 violet fungi 9 gnome leaders 3 gnomish wizards 4 kobold mummies 5 gray oozes a barrow wight 8 elf zombies 8 ghouls a straw golem 2 paper golems 11 giant ants 13 floating eyes 2 kittens 17 dwarves 2 kobold leaders 35 hill orcs 12 rothes 25 rabid rats a centipede 5 giant bats 12 orc zombies 11 dwarf zombies 3 wererats 3 werejackals 11 iguanas 36 killer bees 4 acid blobs 4 coyotes 5 hobbits 2 manes a large kobold 6 hobgoblins 17 giant rats 5 cave spiders 4 brown molds 3 yellow molds a green mold 2 red molds 36 gnomes 12 garter snakes 6 gnome zombies 13 geckos 15 jackals 4 foxes 4 kobolds 6 goblins 8 sewer rats 10 grid bugs 2 bats 8 lichens 18 kobold zombies 15 newts 1310 creatures vanquished. Genocided or extinct species: arch-liches master liches erinyes (extinct) demiliches liches shocking spheres 5 species genocided. 1 species extinct. Voluntary challenges: You read items or engraved 104 times. You never engraved Elbereth. You genocided 5 types of monsters. You never changed form. You used 7 wishes. You did not wish for any artifacts. You did not violate any of the special Sokoban rules. Achievements: You entered the Gnomish Mines. You entered a shop. You entered Sokoban. You attained the rank of Empiric. You entered Minetown. You entered a temple. You attained the rank of Embalmer. You attained the rank of Dresser. You defeated Medusa. You learned the tune to open and close the Castle's drawbridge. You attained the rank of Medicus ossium. You had the Bell of Opening. You entered Gehennom. You had the Candelabrum of Invocation. You had the Book of the Dead. You gained access to Moloch's Sanctum. You reached the Elemental Planes. You reached the Astral Plane. You delivered the Amulet of Yendor. You ascended! The Elemental Planes: Astral Plane: <- You are here. A temple and an altar to Hermes. Plane of Water: Plane of Fire: Plane of Air: Plane of Earth: The Dungeons of Doom: levels 1 to 26 Level 1: "V" Some fountains. One way stairs up to The Elemental Planes. Level 2: Level 3: "CAT IN MINES" A fountain. Stairs down to The Gnomish Mines. Level 4: "EYE EAST" A bookstore, a fountain. Level 5: "CAT HERE" Many fountains. Oracle of Delphi. Level 6: "V" A weapon shop, a fountain. Stairs up to Sokoban, level 5. Level 7: "also stash" A fountain. Level 8: "GIGA THRONE" A throne. Level 9: Some fountains. Level 10: "THRONE V" A fountain. Level 11: Some fountains. Level 12: An altar to Hermes. Portal to The Quest. Level 13: Level 14: A fountain. Level 15: An altar to Hermes, a grave. Level 16: "WWWWWWWWWWW" Level 17: A primitive area. Level 18: "TYHRONW" Level 19: Level 20: "LVL TELE" Level 21: Level 22: Level 23: Level 24: Level 25: Level 26: A fountain. Connection to Gehennom. Gehennom: levels 27 to 49 Level 27: A temple and an altar, many graves. Valley of the Dead. Level 28: Level 29: Level 30: Level 31: Level 32: Level 33: A fountain. Level 34: Level 35: Level 36: An altar, some graves. Stairs up to Vlad's Tower, level 35. Level 37: Level 38: Level 39: Level 40: Level 41: Level 42: Level 43: Level 44: "chicken" Level 45: Level 46: "chickens" Level 47: "TOWER" Level 48: Level 49: A temple and an altar, many graves. Moloch's Sanctum. The Gnomish Mines: levels 4 to 7 Level 4: Level 5: Level 6: Level 7: "PICK" Many shops, a temple and an altar, many fountains. The Quest: levels 1 to 6 Level 1: A throne. Completed quest for Hippocrates. Level 2: Level 3: A temple and an altar. Level 4: Level 5: Level 6: Sokoban: levels 5 up to 2 Level 2: Solved. Level 3: Solved. Level 4: Solved. Level 5: Unsolved. Vlad's Tower: levels 35 up to 33 Level 33: A throne. Level 34: Level 35: Goodbye DoktorL the Demigod... You went to your reward with 1317814 points, The Staff of Aesculapius (worth 5000 zorkmids and 12500 points) The Candelabrum of Invocation (worth 5000 zorkmids and 12500 points) The Bell of Opening (worth 5000 zorkmids and 12500 points) The Book of the Dead (worth 10000 zorkmids and 25000 points) 1 amulet of life saving (worth 150 zorkmids), 1 amulet of reflection (worth 150 zorkmids), 1 cheap plastic imitation of the Amulet of Yendor (worth 0 zorkmids), and 3492 pieces of gold, after 33622 moves. You were level 15 with a maximum of 240 hit points when you ascended.